 Dungeon Crawl Stone Soup version 0.28.0-53-g5a82cb258f (webtiles) character file.

Game seed: 16432022351927837994

7092 cbfl8 the Cruncher (level 10, -3/136 HPs)
             Began as a Minotaur Berserker on July 11, 2022.
             Was an Elder of Trog.
             Slain by a vampire
             ... wielding a +2 vampiric halberd
              (13 damage)
             ... in a bailey.
             The game lasted 00:17:16 (9359 turns).

cbfl8 the Cruncher (Minotaur Berserker)             Turns: 9359, Time: 00:17:17

Health: -3/136     AC: 14    Str: 28    XL:     10   Next: 84%
Magic:  9/9        EV: 10    Int:  4    God:    Trog [****..]
Gold:   123        SH: 15    Dex: 20    Spells: 9/9 levels left

rFire   + + .      SeeInvis .   a - +4 hand axe of Awkwardness {drain, rF+}
rCold   + . .      Faith    .   b - +0 tower shield
rNeg    . . .      Spirit   .   q - +2 scale mail {Will+}
rPois   +          Reflect  .   (helmet restricted)
rElec   +          Harm     .   t - +0 cloak
rCorr   +          Rampage  .   (no gloves)
Will    +....                   y - +1 pair of boots
Stlth   ..........              (no amulet)
HPRegen 0.32/turn               F - +6 ring of strength
MPRegen 0.11/turn               n - +6 ring of dexterity

@: berserking (expiring), resistant, very quick
A: horns 2, retaliatory headbutt
a: Renounce Religion, Berserk, Trog's Hand, Brothers in Arms


You were in a bailey.
You worshipped Trog.
Trog was greatly pleased with you.
You visited 2 branches of the dungeon, and saw 9 of its levels.
You also visited: Sewer and Bailey.

You collected 378 gold pieces.
You spent 255 gold pieces at shops.

Inventory:

Hand Weapons
 a - the +4 hand axe of Awkwardness (weapon) {drain, rF+}
   (You found it on level 6 of the Dungeon)

   A truly terrible weapon, it drains the life of any living foe it strikes.
   rF:        It protects you from fire.
 k - a +0 flail of venom
 m - a +0 shortbow
 s - a +2 quarterstaff of chaos
 I - a +0 war axe
 J - a +3 great mace
 N - a +2 halberd of freezing
Missiles
 G - 47 arrows
 M - a throwing net (quivered)
Armour
 b - a +0 tower shield (worn)
 q - a +2 scale mail of willpower (worn)
 t - a +0 cloak (worn)
 y - a +1 pair of boots (worn)
Jewellery
 l - a ring of see invisible
 n - a +6 ring of dexterity (right hand)
 F - a +6 ring of strength (left hand)
 O - the ring of Bebrah {rElec SInv}
   (You found it in a bailey)

   [ring of see invisible]

   rElec:     It insulates you from electricity.
   SInv:      It lets you see invisible.
Wands
 K - a wand of flame (7)
Scrolls
 e - a scroll of vulnerability {unknown}
 h - 5 scrolls of teleportation
 i - 2 scrolls of enchant armour
 j - 3 scrolls of enchant weapon
 p - a scroll of blinking {unknown}
 r - 2 scrolls of fog
 E - a scroll of brand weapon {unknown}
Potions
 c - 2 potions of ambrosia {unknown}
 d - 3 potions of curing
 f - a potion of attraction {unknown}
 g - 6 potions of resistance
 o - a potion of berserk rage {unknown}
 u - 2 potions of degeneration {unknown}
 v - a potion of magic {unknown}
 w - a potion of might {unknown}
 x - 3 potions of cancellation {unknown}
 z - a potion of heal wounds {unknown}
 A - 2 potions of haste
 C - a potion of brilliance
 D - a potion of lignification {unknown}
 H - a potion of flight
 L - a potion of mutation {unknown}


   Skills:
 + Level 9.4 Fighting
 + Level 7.3(8.2) Axes
 + Level 5.7(10.2) Maces & Flails
 + Level 10.8(11.4) Staves
 + Level 8.9 Armour
 + Level 5.5 Dodging
 + Level 1.0 Stealth
 + Level 4.7 Shields


You had 9 spell levels left.
You didn't know any spells.
Your spell library contained the following spells:

 Spells                   Type           Power      Damage    Failure   Level
 Foxfire                  Conj/Fire      0%         2x1d4     100%        1
 Call Canine Familiar     Summ           0%         N/A       100%        3
 Conjure Flame            Conj/Fire      0%         6-21      100%        3
 Inner Flame              Hex/Fire       0%         N/A       100%        3
 Portal Projectile        Hex/Tloc       0%         N/A       100%        3
 Flame Wave               Conj/Fire      0%         2d4       100%        4
 Leda's Liquefaction      Hex/Erth       0%         N/A       100%        4
 Summon Lightning Spire   Summ/Air       0%         N/A       100%        4
 Storm Form               Tmut/Air       0%         N/A       100%        7
 Maxwell's Capacitive Co  Air            0%         ∞         100%        8


Dungeon Overview and Level Annotations

Branches:
Dungeon (8/15)             Temple (1/1) D:7           Sewer (visited)
 Bailey (1/1)
   Lair: D:8-11

Altars:
Ashenzari
Cheibriados
Dithmenos
Elyvilon
Fedhas
Gozag
Hepliaklqana
Kikubaaqudgha
Makhleb
Nemelex Xobeh
Okawaru
Qazlal
Ru
Sif Muna
Trog
Uskayaw
Vehumet
Wu Jian
Xom
Yredelemnul
Zin
The Shining One

Shops:
D:5 =*!:   D:6 [


Innate Abilities, Weirdness & Mutations

You have a pair of horns on your head.
You reflexively headbutt those who attack you in melee.


Message History

You barely miss the vampire.
The vampire is lightly damaged.
You flicker for a moment.
The vampire barely misses you. You block the vampire's attack.
You hit the vampire.
The vampire is lightly damaged.
The vampire hits you but does no damage.
The vampire bites you.
The vampire draws strength from your injuries!
A red film seems to cover your vision as you go berserk!
You feel yourself moving faster!
You feel mighty!
The vampire gestures wildly while chanting.
The vampire flickers and vanishes!
You hit something but do no damage. You headbutt something. Something hits you!
Something bites you.
Something draws strength from your injuries!
You slash something! You miss something. Something hits you.
Something bites you but does no damage.
You slash something! Your headbutt misses something.
You flicker back into view.
Something hits you! You block something's attack.
You hit something. You miss something. Something hits you!
You block something's attack.
You miss something. Something hits you!
* * * LOW HITPOINT WARNING * * *
Something bites you.
* * * LOW HITPOINT WARNING * * *
Something draws strength from your injuries!
You hit something but do no damage. Something hits you.
* * * LOW HITPOINT WARNING * * *
Something bites you.
* * * LOW HITPOINT WARNING * * *
Something draws strength from your injuries!
You slash something! Something hits you!
* * * LOW HITPOINT WARNING * * *
Something completely misses you.
Okay, then.
You are too berserk!
Something hits you!
You die...

♣≈≈............8.'......#
♣≈≈.88...........#......####
♣≈≈........#######......#.).
♣≈≈.....####..'..'......')).
♣≈≈.#####.....#))###''######
♣≈≈.'..'.....)#))..#.....8#.
♣≈≈.#.)#§.....#)...#......#.
♣≈≈.#))#§...♣.######......#.
##≈≈.#))#.♣.@.........##...#)
##.≈≈.#..#§...♣.......##....#.
####..≈≈.#..#..♣.{.......#..).##.
#..#..≈≈.#..'........♣..##.))##..
......≈≈.####......♣♣....##......
.∩...#########......♣.....##....#
..................♣....♣...#...##
....................)..♣...#..##.
.∩...#########....♣.)......#..#.O


There were no monsters in sight!

Vanquished Creatures
  The ghost of 0gre the Chiller, a novice GnIE of Vehumet (D:5)
  Pikel (D:6)
  A gargoyle (Bailey)
  Maggie (D:6)
  Grinder (D:3)
  Sigmund (D:4)
  Eustachio (D:4)
  A steam dragon (D:5)
  Menkaure (D:4)
  2 water moccasins (D:6)
  An orc warrior (D:5)
  2 ice beasts
  Pargi (D:3)
  Duvessa (D:5)
  2 black bears
  2 necrophages
  3 ogres
  3 centaurs
  7 kobold brigands
  Blork the orc (D:5)
  3 bullfrogs
  2 gnoll sergeants
  2 scorpions
  A water moccasin skeleton (D:6)
  Dowan (D:5)
  4 killer bees (D:7)
  8 vampire bats (Bailey)
  4 howler monkeys
  4 wolf zombies (Bailey)
  2 centaur zombies
  5 bullfrog zombies
  An orc priest (D:5)
  Crazy Yiuf (D:2)
  4 centaur skeletons
  Ijyb (D:3)
  Terence (D:2)
  3 iguanas
  Natasha (twice) (D:4)
  3 orc wizards
  A killer bee zombie (D:7)
  A howler monkey zombie (D:6)
  Robin (D:2)
  9 gnolls
  8 adders
  A river rat (D:3)
  3 white imps
  An ufetubus (D:5)
  An adder skeleton (D:4)
  3 worms
  2 dart slugs
  16 orcs
  11 bats
  6 endoplasms
  7 giant cockroaches
  12 goblins
  10 hobgoblins
  7 jackals
  15 kobolds
  4 quokkas
  6 ball pythons
  4 frilled lizards
  21 orc zombies (Bailey)
  8 rats
244 creatures vanquished.

Vanquished Creatures (collateral kills)
  2 ogres (D:5)
  A bullfrog (D:8)
  2 orc priests (D:8)
  An orc wizard (D:8)
  A killer bee zombie (D:8)
  A gnoll (D:8)
  An orc (D:8)
9 creatures vanquished.

Vanquished Creatures (others)
  3 demonic plants (D:2)
  4 fungi (D:2)
  A plant (D:2)
  2 withered plants (D:2)
10 creatures vanquished.

Grand Total: 263 creatures vanquished

Notes
Turn   | Place    | Note
-------+----------+-------------------------------------------
     0 | D:1      | cbfl8 the Minotaur Berserker began the quest for the Orb.
     0 | D:1      | Reached XP level 1. HP: 19/19 MP: 0/0
   157 | D:1      | Reached XP level 2. HP: 23/27 MP: 1/1
   880 | D:2      | Found a runed translucent door.
   881 | D:2      | Noticed Crazy Yiuf
   951 | D:2      | Reached XP level 3. HP: 29/34 MP: 2/2
  1007 | D:2      | Found a faded altar of an unknown god.
  1270 | D:2      | Noticed Robin
  1280 | D:2      | Killed Robin
  1280 | D:2      | Reached ** piety under Trog
  1281 | D:2      | Reached XP level 4. HP: 27/41 MP: 3/3
  1564 | D:2      | Noticed Terence
  1571 | D:2      | Killed Terence
  1572 | D:2      | Reached skill level 5 in Axes
  1703 | D:2      | Noticed a necrophage
  1718 | D:2      | Killed a necrophage
  1719 | D:2      | Reached skill level 5 in Fighting
  1719 | D:2      | Reached XP level 5. HP: 45/48 MP: 4/4
  2232 | D:2      | Killed Crazy Yiuf
  2325 | D:3      | Noticed Pargi
  2335 | D:3      | Killed Pargi
  2336 | D:3      | Reached XP level 6. HP: 48/56 MP: 5/5
  2452 | D:3      | Noticed Ijyb
  2459 | D:3      | Paralysed by Ijyb for 7 turns
  2469 | D:3      | Killed Ijyb
  2470 | D:3      | Reached skill level 1 in Staves
  2657 | D:3      | Found a basalt altar of Yredelemnul.
  2657 | D:3      | Found a glowing golden altar of the Shining One.
  2657 | D:3      | Found a white marble altar of Elyvilon.
  2658 | D:3      | Found a sacrificial altar of Ru.
  2658 | D:3      | Found a stormy altar of Qazlal.
  2787 | D:3      | Found a glowing drain.
  2883 | D:3      | Noticed Grinder
  2894 | D:3      | Killed Grinder
  2895 | D:3      | Reached skill level 3 in Staves
  2895 | D:3      | Reached XP level 7. HP: 37/61 MP: 6/6
  2970 | Sewer    | Entered a sewer
  3128 | Sewer    | Reached skill level 4 in Staves
  3152 | Sewer    | Reached *** piety under Trog
  3304 | Sewer    | Reached skill level 5 in Staves
  3304 | Sewer    | Reached XP level 8. HP: 60/70 MP: 7/7
  3307 | Sewer    | Reached skill level 5 in Armour
  3633 | D:4      | Noticed Menkaure
  3639 | D:4      | Killed Menkaure
  3697 | D:4      | Reached skill level 6 in Staves
  3820 | D:4      | Noticed Eustachio
  3826 | D:4      | Killed Eustachio
  3952 | D:4      | Reached skill level 7 in Staves
  4020 | D:4      | Noticed Natasha
  4034 | D:4      | Killed Natasha
  4277 | D:4      | Noticed Sigmund
  4291 | D:4      | Killed Sigmund
  4359 | D:4      | Noticed Natasha
  4363 | D:4      | Killed Natasha
  4475 | D:5      | Entered Level 5 of the Dungeon
  4475 | D:5      | Found Visuipe's Book Boutique.
  4485 | D:5      | Reached skill level 1 in Stealth
  4538 | D:5      | Reached XP level 9. HP: 79/79 MP: 8/8
  4558 | D:5      | Reached skill level 8 in Staves
  4702 | D:5      | Found Xoisch's Distillery.
  4713 | D:5      | Reached **** piety under Trog
  4735 | D:5      | Noticed Blork the orc
  4740 | D:5      | Killed Blork the orc
  4745 | D:5      | Bought a potion of curing for 36 gold pieces
  4745 | D:5      | Bought a potion of haste for 120 gold pieces
  4745 | D:5      | Bought a potion of flight for 36 gold pieces
  4759 | D:5      | Found Giph's Assorted Antiques.
  4781 | D:5      | Found a transporter.
  5055 | D:5      | Noticed Duvessa
  5055 | D:5      | Noticed Dowan
  5062 | D:5      | Killed Duvessa
  5067 | D:5      | Killed Dowan
  5182 | D:5      | Reached skill level 9 in Staves
  5217 | D:5      | Found Ipiopt's Jewellery Emporium.
  5317 | D:5      | Noticed 0gre's ghost (novice GnIE)
  5400 | D:5      | Found a hide-covered altar of Uskayaw.
  5631 | D:5      | Found a transporter.
  5656 | D:5      | Reached skill level 5 in Dodging
  5666 | D:5      | Killed 0gre's ghost
  5667 | D:5      | Reached skill level 10 in Staves
  5891 | D:6      | Reached XP level 10. HP: 48/90 MP: 9/9
  6232 | D:6      | Noticed Pikel
  6233 | D:6      | Noticed Maggie
  6238 | D:6      | Killed Pikel
  6247 | D:6      | Killed Maggie
  6248 | D:6      | Reached skill level 5 in Maces & Flails
  6261 | D:6      | Identified the +4 hand axe of Awkwardness {drain, rF+}
  6517 | D:6      | Found Ketatoxt's Armour Shoppe.
  6533 | D:6      | Bought a +0 tower shield for 63 gold pieces
  7168 | D:7      | Reached skill level 1 in Shields
  7419 | D:7      | Found a staircase to the Ecumenical Temple.
  7467 | Temple   | Entered the Ecumenical Temple
  8061 | D:7      | Reached ***** piety under Trog
  8227 | D:8      | Found a flagged portal.
  8284 | Bailey   | Entered a bailey
  8463 | Bailey   | Noticed a gargoyle
  8474 | Bailey   | Killed a gargoyle
  8943 | Bailey   | Identified the ring of Bebrah {rElec SInv}
  9064 | Bailey   | HP: 4/91 [something (15)]
  9359 | Bailey   | Slain by a vampire

Illustrated notes

Levels and vault maps discovered:
D:1:      shiori_arrival_elements, layout_basic
D:2:      layout_basic, shapermc_ecumenical_altar_gd, uniq_robin,
          uniq_crazy_yiuf_cottage, uniq_terence
D:3:      layout_rooms, grunt_temple_overflow_open, gup_sewer_entry_bubbles,
          grunt_decor_mini_mirrors, minmay_liquid_box, uniq_pargi, uniq_grinder,
          uniq_ijyb
D:4:      layout_rooms, uniq_sigmund, uniq_menkaure, uniq_eustachio,
          uniq_natasha
D:5:      layout_basic, mainiacjoe_overflow_surrounded_room, serial_shops,
          nicolae_shop_advertising_works [nicolae_subvault_shop_adworks],
          nicolae_lakefront_shop, nicolae_shop_overgrown_old_shop,
          shop_fountains, gammafunk_ghost_smash, minmay_crystal_room,
          chequers_serial_rivers_small_3, grunt_ministairs_10,
          guppyfry_early_orc_mine, uniq_blork_the_orc, uniq_duvessa
D:6:      layout_loops_ring, serial_shops, nicolae_stop_n_shop_2,
          nicolae_underground_beach, uniq_pikel, uniq_maggie
D:7:      layout_loops_cross, temple_hall
D:8:      layout_loops_ring, lair_entry_dummy, enter_bailey_2,
          hangedman_incinerator
Temple:   regret_index_temple_sphere_string
Bailey:   bailey_polearm_vampire_castle_hellmonk, bailey

Skill      XL: |  1  2  3  4  5  6  7  8  9 10 |
---------------+-------------------------------+-----
Axes           | 4 5 7 |  7.3
Fighting       | 4 5 6 7 8 9 |  9.4
Maces & Flails | 2 3 4 5 |  5.7
Dodging        | 3 4 5 |  5.5
Armour         | 3 4 6 8 |  8.9
Staves         | 3 5 7 10 | 10.8
Stealth        | 1 |  1.0
Shields        | 4 |  4.7

Action                   |  1- 3 |  4- 6 |  7- 9 | 10-12 || total
-------------------------+-------+-------+-------+-------++-------
Melee: Hand axe          |    63 |       |       |   204 ||   267
       Punch             |     2 |     1 |       |       ||     3
       Headbutt          |     6 |    23 |    46 |    43 ||   118
       Flail             |    34 |    50 |       |       ||    84
       Quarterstaff      |       |    63 |   204 |     7 ||   274
       Great mace        |       |       |    18 |    17 ||    35
Invok: Berserk           |       |       |     2 |     2 ||     4
       Trog's Hand       |       |       |     1 |     5 ||     6
       Brothers in Arms  |       |       |     1 |     3 ||     4
  Use: Scroll            |       |       |       |     7 ||     7
       Potion            |       |       |       |     5 ||     5
Armor: Animal skin       |    19 |       |       |       ||    19
       Scale mail        |       |    64 |    96 |   127 ||   287
Dodge: Dodged            |    63 |    55 |   159 |   100 ||   377
Block: Tower shield      |       |       |       |   236 ||   236
